 Dungeon Crawl Stone Soup version 0.29.1-15-g9cfb28693d (webtiles) character file.

Game seed: 12629529658540210539

9 Artool the Trooper (level 2, 0/24 HPs)
             Began as a Demonspawn Fighter on Apr 6, 2023.
             Slain by a jackal (3 damage)
             ... on level 1 of the Dungeon.
             The game lasted 00:00:19 (455 turns).

Artool the Trooper (Demonspawn Fighter)              Turns: 455, Time: 00:00:19

Health: 0/24       AC:  6    Str: 16    XL:     2   Next: 3%
Magic:  2/2        EV:  8    Int:  9    God:
Gold:   20         SH:  4    Dex: 12    Spells: 1/1 levels left

rFire   . . .      SeeInvis .   a - +0 flail
rCold   . . .      Faith    .   c - +0 buckler
rNeg    . . .      Spirit   .   b - +0 scale mail
rPois   .          Reflect  .   (no helmet)
rElec   .          Harm     .   (no cloak)
rCorr   .          Rampage  .   (no gloves)
Will    .....                   (no boots)
Stlth   ..........              (no amulet)
HPRegen 0.08/turn               (no ring)
MPRegen 0.08/turn               (no ring)

@: no status effects
A: demonic touch 1
a: no special abilities


You were on level 1 of the Dungeon.
You visited 1 branch of the dungeon, and saw 1 of its levels.

You collected 20 gold pieces.

Inventory:

Hand Weapons
 a - a +0 flail (weapon)
Armour
 b - a +0 scale mail (worn)
 c - a +0 buckler (worn)
Potions
 d - a potion of might
 e - a potion of attraction {unknown}


   Skills:
 + Level 3.1 Fighting
 + Level 2.0 Maces & Flails
 + Level 2.9 Armour
 - Level 2.6 Shields


You had one spell level left.
You didn't know any spells.
Your spell library was empty.

Dungeon Overview and Level Annotations

Branches:
Dungeon (1/15)

Altars:


Innate Abilities, Weirdness & Mutations

Your touch may inflict minor irresistible damage on your foes.


Message History

The rat barely misses you. The jackal closely misses you. x2
The jackal bites you. x2; You block the rat's attack.
The jackal barely misses you.
The jackal bites you but does no damage.
You block the rat's attack. The jackal barely misses you.
The jackal bites you but does no damage.
The jackal bites you but does no damage.
The rat bites you. The jackal bites you. The jackal bites you.
* * * LOW HITPOINT WARNING * * *
The jackal bites you but does no damage.
The rat barely misses you. You block the jackal's attack.
The jackal barely misses you. The rat closely misses you.
You block the jackal's attack.
The jackal bites you but does no damage.
The jackal bites you but does no damage. x2
The rat barely misses you.
The jackal bites you but does no damage.
The jackal closely misses you. The rat bites you but does no damage.
The jackal bites you but does no damage.
The jackal bites you.
* * * LOW HITPOINT WARNING * * *
The jackal bites you but does no damage.
The rat bites you but does no damage.
The jackal bites you but does no damage.
You block the jackal's attack.
The jackal bites you but does no damage.
The rat closely misses you. The jackal barely misses you. x2
The rat bites you.
* * * LOW HITPOINT WARNING * * *
The jackal barely misses you. The jackal bites you.
* * * LOW HITPOINT WARNING * * *
The jackal completely misses you.
The jackal bites you but does no damage.
The rat completely misses you.
The jackal bites you but does no damage.
The jackal closely misses you. You block the rat's attack.
The jackal completely misses you. The jackal closely misses you.
The jackal bites you.
You die...

#.. #..... #.. #....=
#########.. #.....
#......('..
#....!#####
#.#######..
#.........# #.# #..
#.........#
#.#########
#....hhr..#
#.........# #...@...#
#.........# #.......#
#.........#
#.......###.........#
+.......).........).'
#.......####........#
#.......# ##########
#.......# ####..
....###### ##.....
.... ##......


You could see 2 jackals and a rat.

Vanquished Creatures
  A bat (D:1)
  A goblin (D:1)
  A hobgoblin (D:1)
  A jackal (D:1)
  3 kobolds (D:1)
  A rat (D:1)
8 creatures vanquished.

Notes
Turn   | Place    | Note
-------+----------+-------------------------------------------
     0 | D:1      | Artool the Demonspawn Fighter began the quest for the Orb.
     0 | D:1      | Reached XP level 1. HP: 18/18 MP: 1/1
   361 | D:1      | Gained mutation: Your touch may inflict minor irresistible
                  | damage on your foes. [demonic ancestry]
   361 | D:1      | Reached XP level 2. HP: 18/24 MP: 2/2
   455 | D:1      | Slain by a jackal

Illustrated notes

Levels and vault maps discovered:
D:1:      dpeg_arrival_three_bigger_balls, layout_basic

Skill      XL: |  1 |
---------------+----+-----
Maces & Flails | 2 |  2.0
Fighting       | |  3.1
Armour         | |  2.9
Shields        | |  2.6

Action                   || total
-------------------------++-------
Melee: Flail             ||    28
Armor: Scale mail        ||    46
Dodge: Dodged            ||    42
Block: Buckler           ||    15
